 Dungeon Sprint DCSS version 0.29-a0-1033-gb6c65ffae6 (webtiles) character file.

Game seed: 6142161833304568547

1208 mhtbhm the Eclecticist (level 8, -2/39 (41) HPs)
             Began as a Deep Elf Fire Elementalist on Aug 14, 2022.
             Was a Believer of Vehumet.
             Killed by vampiric draining
             ... invoked by Josephine
              (18 damage)
             ... in the Dungeon (Sprint III: "The Ten Rune Challenge").
             The game lasted 00:02:42 (1138 turns).

mhtbhm the Eclecticist (Deep Elf Fire Elementalist) Turns: 1138, Time: 00:02:42

HP:   -2/39 (41)    AC:  2    Str:  5    XL:     8   Next: 21%
MP:   18/29         EV: 14    Int: 23    God:    Vehumet [**....]
Gold: 74            SH:  0    Dex: 15    Spells: 24/37 levels left

rFire   . . .      SeeInvis .   h - +1 dagger (holy)
rCold   . . .      Faith    .   (no shield)
rNeg    . . .      Spirit   .   a - +0 robe
rPois   .          Reflect  .   (no helmet)
rElec   .          Harm     .   (no cloak)
rCorr   .          Rampage  .   (no gloves)
Will    .....      NoTele   +   (no boots)
Stlth   +++.......              (no amulet)
HPRegen 0.13/turn               (no ring)
MPRegen 0.21/turn               (no ring)

@: lightly drained
A: no striking features
a: Renounce Religion


You were in the Dungeon.
You worshipped Vehumet.
Vehumet was pleased with you.
You visited 1 branch You collected 74 gold pieces.

Inventory:

Hand Weapons
 h - a +1 dagger of holy wrath (weapon)
Armour
 a - a +0 robe (worn)
Scrolls
 g - a scroll of blinking
 i - 2 scrolls of poison {unknown}
 j - 2 scrolls of identify
 l - a scroll of immolation {unknown}
 m - a scroll of vulnerability {unknown}
Potions
 b - 3 potions of magic
 c - a potion of curing
 d - 2 potions of heal wounds
 e - a potion of haste
 f - 2 potions of berserk rage
 k - 3 potions of flight
 n - 6 potions of mutation
 o - 2 potions of might
Miscellaneous
 p - a condenser vane


   Skills:
 + Level 5.6 Dodging
 + Level 5.2 Stealth
 + Level 15.3 Spellcasting
 + Level 3.0 Conjurations
 + Level 13.8 Fire Magic


You had 24 spell levels left.
You knew the following spells:

 Your Spells              Type           Power      Damage    Failure   Level
a - Foxfire               Conj/Fire      100%       2x1d9     1%          1
b - Scorch                Fire           100%       2d10      0%          2
c - Conjure Flame         Conj/Fire      54%        6-21      1%          3
d - Inner Flame           Hex/Fire       49%        N/A       1%          3
e - Flame Wave            Conj/Fire      54%        2d13      1%          4

Your spell library contained the following spells:

 Spells                   Type           Power      Damage    Failure   Level
 Ignite Poison            Fire/Tmut/Pois 38%        N/A       1%          3
 Magic Dart               Conj           100%       1d8       1%          1
 Searing Ray              Conj           62%        2d6       1%          2
 Fulminant Prism          Conj/Hex       12%        3d9       17%         4


Dungeon Overview and Level Annotations

Branches:
Dungeon (1/1)

Altars:
Cheibriados
Dithmenos
Elyvilon
Fedhas
Gozag
Hepliaklqana
Kikubaaqudgha
Makhleb
Nemelex Xobeh
Okawaru
Qazlal
Ru
Sif Muna
Trog
Uskayaw
Vehumet
Wu Jian
Xom
Yredelemnul
Zin
The Shining One
Jiyva
Lugonu

Annotations:
D Josephine


Message History

Josephine the Decaying Necromancer comes into view.
She is wielding a +0 dagger.
You start waiting.
Casting: Flame Wave (dangerous; 1% risk of failure)
Confirm with . or Enter, or press ? or * to list all spells.
Flames lash Josephine.
Josephine shouts!
Josephine is moderately wounded.
Josephine's fire resistance burns away.
Casting: Scorch (safe; 0% risk of failure)
Confirm with . or Enter, or press ? or * to list all spells.
Flames lash Josephine.
Josephine is burned terribly!
Josephine is moderately wounded.
Josephine points at you and mumbles some strange words.
The ghostly flame explodes!
The ghostly fireball engulfs you!!
You feel drained.
Ouch! That really hurt!
Unknown command.
Casting: Scorch (safe; 0% risk of failure)
Confirm with . or Enter, or press ? or * to list all spells.
Casting: Flame Wave (dangerous; 1% risk of failure)
Press: ? - help, Dir - look around, f - activate
Okay, then.
Casting: Flame Wave (dangerous; 1% risk of failure)
Confirm with . or Enter, or press ? or * to list all spells.
You can't see any susceptible monsters within range! (Use Z to cast anyway.)
Casting: Flame Wave (dangerous; 1% risk of failure)
Confirm with . or Enter, or press ? or * to list all spells.
Casting: Flame Wave (dangerous; 1% risk of failure)
Press: ? - help, Dir - look around, f - activate A wave of flame ripples out! (Press . to intensify the flame waves.)
A wave of flame ripples out!
A wave of flame ripples out!
You finish channelling waves of flame.
Josephine completely misses you.
Casting: Flame Wave (dangerous; 1% risk of failure)
Confirm with . or Enter, or press ? or * to list all spells.
Flames lash Josephine.
Josephine is burned terribly!
Josephine is almost dead.
Josephine draws life force from you!!
You die...

##..#___#___#__#
.#..#...#__)#._#
.#..###)#'###)##
'#..#....†.....#
#...'.⌠........#
#...#...######'#
....#.⌠.#__#...#+#####
....#...#__#...#.@§~§+
....#'###__#...#@#§§§#
....#.).#__#...'.#@§§#
....#___#__'...#.#§§§#
▓▓▓▓▓▓▓▓▓▓▓▓▓▓▓▓▓▓▓▓▓▓


You could see Josephine (combustible).

Vanquished Creatures
  A deep elf pyromancer (D)
  A shadow (D)
  A spatial vortex (D)
  A necrophage (D)
  A water elemental (D)
  A jelly (D)
  Jessica (D)
  A wizard (D)
  A necromancer (D)
  A kobold demonologist (D)
  3 humans (D)
  A wolf (D)
  3 rats (D)
17 creatures vanquished.

Vanquished Creatures (others)
  10 foxfires (D)
10 creatures vanquished.

Grand Total: 27 creatures vanquished

Notes
Turn   | Place    | Note
-------+----------+-------------------------------------------
     0 | D        | mhtbhm the Deep Elf Fire Elementalist began the quest for
                  | the Orb.
     0 | D        | Reached XP level 1. HP: 10/10 MP: 6/6
    42 | D        | Noticed Jessica
    45 | D        | Killed Jessica
    46 | D        | Reached skill level 4 in Spellcasting
    46 | D        | Reached skill level 5 in Fire Magic
    46 | D        | Reached XP level 2. HP: 15/15 MP: 3/9
   124 | D        | Learned a level 2 spell: Scorch
   133 | D        | Reached skill level 5 in Spellcasting
   133 | D        | Reached XP level 3. HP: 19/19 MP: 3/11
   201 | D        | Learned a level 3 spell: Conjure Flame
   205 | D        | Learned a level 3 spell: Inner Flame
   368 | D        | Noticed a water elemental
   370 | D        | Killed a water elemental
   371 | D        | Reached skill level 7 in Spellcasting
   371 | D        | Reached XP level 4. HP: 24/24 MP: 9/15
   415 | D        | Found a radiant altar of Vehumet.
   415 | D        | Found a shimmering blue altar of Sif Muna.
   415 | D        | Found an ancient bone altar of Kikubaaqudgha.
   415 | D        | Noticed a wizard
   416 | D        | Killed a wizard
   417 | D        | Reached XP level 5. HP: 28/28 MP: 14/17
   420 | D        | Reached skill level 8 in Spellcasting
   464 | D        | Became a worshipper of Vehumet
   470 | D        | Learned a level 4 spell: Flame Wave
   484 | D        | Found a basalt altar of Yredelemnul.
   484 | D        | Found a shadowy altar of Dithmenos.
   484 | D        | Found a sacrificial altar of Ru.
   490 | D        | Reached skill level 9 in Spellcasting
   490 | D        | Reached skill level 10 in Fire Magic
   565 | D        | Found a glowing silver altar of Zin.
   565 | D        | Found a glowing golden altar of the Shining One.
   565 | D        | Found a white marble altar of Elyvilon.
   565 | D        | Noticed a deep elf pyromancer
   568 | D        | Killed a deep elf pyromancer
   568 | D        | Reached * piety under Vehumet
   568 | D        | Offered knowledge of Shock by Vehumet.
   569 | D        | Reached skill level 5 in Dodging
   569 | D        | Reached skill level 5 in Stealth
   569 | D        | Reached skill level 13 in Spellcasting
   569 | D        | Reached XP level 6. HP: 21/32 MP: 14/24
   569 | D        | Reached XP level 7. HP: 24/36 MP: 14/25
   669 | D        | Found a hide-covered altar of Uskayaw.
   669 | D        | Found an iron altar of Okawaru.
   669 | D        | Found a bloodstained altar of Trog.
   669 | D        | Found an ornate altar of the Wu Jian Council.
   669 | D        | Noticed a human
   669 | D        | Noticed a human
   674 | D        | Killed a human
   674 | D        | Killed a human
   675 | D        | Reached skill level 14 in Spellcasting
   737 | D        | Noticed a shadow
   741 | D        | Killed a shadow
   741 | D        | Reached ** piety under Vehumet
   741 | D        | Offered knowledge of Sandblast by Vehumet.
   742 | D        | Reached XP level 8. HP: 9/41 MP: 18/28
   988 | D        | Found a blossoming altar of Fedhas.
   988 | D        | Found a stormy altar of Qazlal.
   989 | D        | Found a snail-covered altar of Cheibriados.
   989 | D        | Found a burning altar of Makhleb.
   989 | D        | Found a hazy altar of Hepliaklqana.
   989 | D        | Found a shimmering altar of Xom.
   989 | D        | Found an opulent altar of Gozag.
   989 | D        | Found a sparkling altar of Nemelex Xobeh.
   989 | D        | Found a corrupted altar of Lugonu.
   989 | D        | Found a viscous altar of Jiyva.
  1000 | D        | Offered knowledge of Ignite Poison by Vehumet.
  1001 | D        | Reached skill level 15 in Spellcasting
  1128 | D        | Noticed Josephine
  1138 | D        | Killed from afar by Josephine

Illustrated notes

Levels and vault maps discovered:
D:        dungeon_sprint_mu [sprint_mu_entry_cave, sprint_mu_temple_rooms,
          sprint_mu_d1_horrors, sprint_mu_d2_genie, sprint_mu_d3_branching,
          sprint_mu_orc_legion, sprint_mu_elf_gauntlet, sprint_mu_hive_nellie,
          sprint_mu_lair_fedhas, sprint_mu_vaults_butterflies,
          sprint_mu_slime_circle, sprint_mu_shoals_kraken,
          sprint_mu_snake_twists, sprint_mu_blade_basic, sprint_mu_crypt_lich,
          sprint_mu_tomb_spiral, sprint_mu_vestibule_basic,
          sprint_mu_gehenna_hellfire, sprint_mu_dis_giant,
          sprint_mu_tartarus_statrot, sprint_mu_cocytus_islands, sprint_mu_zot1]

Skill      XL: |  1  2  3  4  5  6  7  8 |
---------------+-------------------------+-----
Dodging        | 3 4 5 |  5.6
Stealth        | 3 4 5 |  5.2
Spellcasting   | 4 5 7 13 14 15 | 15.3
Fire Magic     | 5 6 8 12 13 | 13.8
Conjurations   | 2 3 |  3.0

Action                   |  1- 3 |  4- 6 |  7- 9 || total
-------------------------+-------+-------+-------++-------
 Cast: Foxfire           |     7 |       |       ||     7
       Scorch            |     9 |    11 |     8 ||    28
       Flame Wave        |       |       |     6 ||     6
Dodge: Dodged            |     2 |     1 |     3 ||     6

Table legend: (Time is in decaauts)
 A = Elapsed time spent in this place.
 B = Non-inter-level travel time spent in this place.
 C = Inter-level travel time spent in this place.
 D = Time resting spent in this place.
 E = Time spent auto-exploring this place.
 F = Levels seen in this place.
 G = Mean time per level.
                   A        B        C        D        E       F      G
               +--------+--------+--------+--------+--------+-----+--------+
         Total |   1137 |   1137 |      0 |    854 |     61 |   1 | 1137.0 |
       Dungeon |   1137 |   1137 |      0 |    854 |     61 |   1 | 1137.0 |
               +--------+--------+--------+--------+--------+-----+--------+

Top non-repeatable levels by time:
       D: 1137 daAuts
